 Dungeon Crawl Stone Soup version 0.23-a0-386-g9c9d49f (webtiles) character file.

21 MisterFreud the Stinger (level 2, -2/24 HPs)
             Began as a Minotaur Wanderer on Oct 28, 2018.
             Splashed by a jelly's acid (5 damage)
             ... on level 2 of the Dungeon.
             The game lasted 00:03:10 (924 turns).

MisterFreud the Stinger (Minotaur Wanderer)          Turns: 924, Time: 00:03:11

Health: -2/24      AC: -2    Str: 16    XL:     2   Next: 65%
Magic:  1/1        EV: 11    Int: 10    God:
Gold:   67         SH:  3    Dex:  8    Spells: 1/1 levels left

rFire    . . .     SeeInvis .   h - +1 dagger (venom)
rCold    . . .     Gourm    .   m - +0 buckler
rNeg     . . .     Faith    .   d - +0 robe
rPois    .         Spirit   .   (helmet restricted)
rElec    .         Reflect  .   (no cloak)
rCorr    .         Harm     .   (no gloves)
MR       .....                  (no boots)
Stlth    +.........             (no amulet)
HPRegen  0.08/turn              (no ring)
MPRegen  0.07/turn              (no ring)

@: corroded
A: retaliatory headbutt, horns 2
a: no special abilities


You were on level 2 of the Dungeon.
You were not hungry.

You visited 1 branch of the dungeon, and saw 2 of its levels.

You collected 67 gold pieces.

Inventory:

Hand Weapons
 e - a +0 club
 h - a +1 dagger of venom (weapon)
Missiles
 b - 29 stones (quivered)
 j - 38 poisoned needles
Armour
 d - a +0 robe (worn)
 m - a +0 buckler (worn)
Scrolls
 a - a scroll of enchant armour {unknown}
 c - a scroll of teleportation
Potions
 g - 2 potions of degeneration {unknown}
 i - a potion of resistance {unknown}
 k - a potion of haste {unknown}
 l - a potion of lignification {unknown}
Comestibles
 f - a ration


   Skills:
 + Level 1.8 Fighting
 - Level 2.1 Maces & Flails
 - Level 1.4 Dodging
 - Level 1.1 Stealth
 * Level 1.2 Shields
 - Level 1.2 Unarmed Combat
   Level 1.0 Necromancy
   Level 2.9 Poison Magic


You had one spell level left.
You didn't know any spells.
Your spell library contained the following spells:

 Spells                   Type           Power        Failure   Level  Hunger
 Sting                    Conj/Pois      #...         30%         1    ##.....
 Summon Small Mammal      Summ           #...         47%         1    ##.....
 Poisonous Vapours        Pois/Air       #.....       41%         2    ###....
 Mephitic Cloud           Conj/Pois/Air  #.......     73%         3    ####...
 Recall                   Summ/Tloc      N/A          85%         3    ####...
 Olgreb's Toxic Radiance  Pois           #.......     85%         4    #####..
 Venom Bolt               Conj/Pois      #.........   100%        5    ######.


Dungeon Overview and Level Annotations

Branches:
Dungeon (2/15)

Altars:


Innate Abilities, Weirdness & Mutations

You reflexively headbutt those who attack you in melee.
You have a pair of horns on your head.


Message History

You hit the jelly.
Your hands burn!
The jelly is heavily wounded.
The jelly misses you. You furiously retaliate!
You headbutt the jelly, but do no damage.
You block the jelly's attack.
You completely miss the jelly. You headbutt the jelly.
The jelly is heavily wounded.
The jelly barely misses you.
You hit the jelly.
The jelly is poisoned.
Your hands burn!
You headbutt the jelly, but do no damage.
The jelly is severely wounded.
The jelly hits you.
You are splashed with acid!
The acid burns!
You are too injured to fight recklessly!
You are too injured to fight recklessly!
You hit the jelly but do no damage.
Your hands burn!
* * * LOW HITPOINT WARNING * * *
The jelly is almost dead.
The jelly closely misses you.
You hit the jelly but do no damage.
Your hands burn!
You die...

.....+....####.# ..............##
.†####......##.##..............##
...#...#.........................
##.#...#........................#
.#.#...#............)..#..#####.#
..[....#...............#........#
.......#.#.................###...
.......#........................)
.......#........@J...............
.......#.......##......# ##......
.....###.....#?# #...### #...##.
##+### #.....#.# ...... #... #.
#$....#.# ..... #.. #. .......#.#
..... #. ## ###....#.# .... .. #
#....#.# .... # #


You could see a jelly.

Vanquished Creatures
  A dart slug (D:1)
  A ball python (D:2)
  3 goblins (D:1)
  3 hobgoblins (D:1)
  3 bats (D:1)
  2 frilled lizards (D:2)
  4 kobolds
  A rat (D:1)
18 creatures vanquished.

Notes
Turn   | Place    | Note
-------+----------+-------------------------------------------
     0 | D:1      | MisterFreud the Minotaur Wanderer began the quest for the
                  | Orb.
     0 | D:1      | MisterFreud set off with the following items: a scroll of
                  | teleportation, a +0 robe, a +0 club, a ration; and the
                  | following spells available to memorise: Sting, Poisonous
                  | Vapours, Summon Small Mammal, Mephitic Cloud, Recall,
                  | Olgreb's Toxic Radiance, Venom Bolt
     0 | D:1      | Reached XP level 1. HP: 16/16 MP: 0/0
   327 | D:1      | Reached skill level 1 in Maces & Flails
   373 | D:1      | Reached XP level 2. HP: 17/23 MP: 1/1
   924 | D:2      | Splashed by a jelly's acid

Vault maps used:
D:1:      dpeg_arrival_boxes_within_box
D:2:      first_ration, serial_glass, glass_columns_b, glass_columns_a,
          minmay_strange_pillars, corexii_item_surrounded_by_moat

Skill      XL: |  1  2 |
---------------+-------+-----
Maces & Flails | 1 2 |  2.1
Fighting       | |  1.8
Dodging        | |  1.4
Stealth        | |  1.1
Shields        | |  1.2
Unarmed Combat | |  1.2
Necromancy     | |  1.0
Poison Magic   | |  2.9

Action                   || total
-------------------------++-------
Melee: Club              ||    29
       Headbutt          ||     8
       Dagger            ||    23
Armor: Robe              ||    13
Dodge: Dodged            ||    35
Block: Buckler           ||     1

Table legend:
 A = Non-vault XP
 B = Vault XP
 C = Vault XP percentage of total XP
 D = Non-vault monster count
 E = Vault monster count
 F = Vault count percentage of total count
                 A         B        C        D         E       F
            +---------+---------+-------+---------+---------+-------
      Total |      31 |       0 |   0.0 |      18 |       0 |   0.0
            +---------+---------+-------+---------+---------+-------
        D:1 |      24 |       0 |   0.0 |      13 |       0 |   0.0
        D:2 |       7 |       0 |   0.0 |       5 |       0 |   0.0
            +---------+---------+-------+---------+---------+-------
